 Dungeon Crawl Stone Soup version 0.29-a0-22-gbf593b16ee (webtiles) character file.

Game seed: 3843995334016272258

87 gimp the Ducker (level 4, 0/26 HPs)
             Began as a Tengu Wanderer on Jan 30, 2022.
             Slain by a black bear (1 damage)
             ... on level 3 of the Dungeon.
             The game lasted 00:06:57 (2797 turns).

gimp the Ducker (Tengu Wanderer)                    Turns: 2797, Time: 00:06:57

Health: 0/26       AC:  2    Str: 10    XL:     4   Next: 51%
Magic:  0/7        EV: 13    Int: 13    God:
Gold:   78         SH:  0    Dex: 17    Spells: 4/6 levels left

rFire   . . .      SeeInvis .   a - +0 rapier
rCold   . . .      Faith    .   (no shield)
rNeg    . . .      Spirit   .   c - +0 robe
rPois   .          Reflect  .   b - +0 hat
rElec   .          Harm     .   (no cloak)
rCorr   .          Rampage  .   (no gloves)
Will    .....                   (boots unavailable)
Stlth   ++........              (no amulet)
HPRegen 0.08/turn               (no ring)
MPRegen 0.10/turn               (no ring)

@: very slightly contaminated
A: beak, talons 3
a: no special abilities


You were on level 3 of the Dungeon.
You visited 1 branch of the dungeon, and saw 3 of its levels.

You collected 78 gold pieces.

Inventory:

Hand Weapons
 a - a +0 rapier (weapon)
Armour
 b - a +0 hat (worn)
 c - a +0 robe (worn)
Scrolls
 d - a scroll of identify
 e - a scroll of fear
Potions
 f - a potion of curing
 g - a potion of flight {unknown}


   Skills:
 + Level 2.0 Fighting
 - Level 3.2 Short Blades
 - Level 1.1 Armour
 - Level 3.2 Dodging
 + Level 1.9 Spellcasting
 * Level 2.6 Ice Magic
 + Level 1.0 Poison Magic


You had 4 spell levels left.
You knew the following spells:

 Your Spells              Type           Power      Damage    Failure   Level
a - Freeze                Ice            32%        1d5       9%          1
b - Sting                 Tmut/Pois      8%         1d3       21%         1

Your spell library contained the following spells:

 Spells                   Type           Power      Damage    Failure   Level
 Ozocubu's Armour         Ice            8%         N/A       26%         3
 Poisonous Vapours        Pois/Air       4%         N/A       30%         2
 Olgreb's Toxic Radiance  Pois           4%         N/A       86%         4
 Summon Forest            Summ/Tloc      0%         N/A       100%        5
 Eringya's Noxious Bog    Tmut/Pois      1%         N/A       100%        6
 Summon Hydra             Summ           0%         N/A       100%        7


Dungeon Overview and Level Annotations

Branches:
Dungeon (3/15)

Altars:
Qazlal


Innate Abilities, Weirdness & Mutations

You have a beak for a mouth.
You have claws for feet.


Message History

Confirm with . or Enter, or press ? or * to list all spells.
Aiming: Freeze (safe; 9% risk of failure)
Press: ? - help, Shift-Dir - straight line, f/p - black bear
Aim: a black bear (moderately wounded, poisoned)
You freeze the black bear.
The black bear is moderately wounded.
The black bear closely misses you. The black bear claws you.
The black bear misses you.
You take 4 damage, and have 16/26 hp.
You now have 3/7 mp.
Casting: Freeze (safe; 9% risk of failure)
Confirm with . or Enter, or press ? or * to list all spells.
Aiming: Freeze (safe; 9% risk of failure)
Press: ? - help, Shift-Dir - straight line, f/p - black bear
Aim: a black bear (heavily wounded, poisoned)
You freeze the black bear.
The black bear is severely wounded.
The black bear goes berserk!
You now have 2/7 mp.
Casting: Freeze (safe; 9% risk of failure)
Confirm with . or Enter, or press ? or * to list all spells.
Aiming: Freeze (safe; 9% risk of failure)
Press: ? - help, Shift-Dir - straight line, f/p - black bear
Aim: a black bear (severely wounded, berserk, poisoned)
You freeze the black bear.
The black bear is severely wounded.
The black bear bites you. The black bear claws you.
The black bear barely misses you. The black bear bites you!
* * * LOW HITPOINT WARNING * * *
The black bear closely misses you. x2
You take 15 damage, and have 1/26 hp.
MASSIVE DAMAGE!!
You now have 1/7 mp.
Casting: Freeze (safe; 9% risk of failure)
Confirm with . or Enter, or press ? or * to list all spells.
Aiming: Freeze (safe; 9% risk of failure)
Press: ? - help, Shift-Dir - straight line, f/p - black bear
Aim: a black bear (severely wounded, berserk, poisoned)
You freeze the black bear.
The black bear is almost dead.
The black bear looks more healthy.
The black bear closely misses you. The black bear claws you.
You die...

.........#
:........#
.........#
.........#
........##
........#
.######....#
..........<#
###..h@.#)#
#...#.#.#
#.###.#.# #
..#.# ###..
###


You could see a black bear (berserk).

Vanquished Creatures
  An iguana (D:2)
  An adder (D:2)
  4 dart slugs (D:2)
  3 endoplasms
  A giant cockroach (D:2)
  3 goblins (D:1)
  5 hobgoblins
  3 jackals (D:2)
  3 kobolds
  2 quokkas
  7 ball pythons
  4 bats
  A frilled lizard (D:1)
  3 rats
41 creatures vanquished.

Notes
Turn   | Place    | Note
-------+----------+-------------------------------------------
     0 | D:1      | gimp the Tengu Wanderer began the quest for the Orb.
     0 | D:1      | gimp set off with the following items: a +0 rapier, a +0
                  | hat, a +0 robe; and the following spell memorised: Freeze;
                  | and the following spells available to memorise: Ozocubu's
                  | Armour
     0 | D:1      | Reached XP level 1. HP: 12/12 MP: 3/3
   334 | D:1      | Reached XP level 2. HP: 16/16 MP: 0/4
   388 | D:1      | Found a faded altar of an unknown god.
   828 | D:1      | Learned a level 1 spell: Sting
  1324 | D:2      | Reached XP level 3. HP: 11/20 MP: 2/6
  2365 | D:2      | Reached skill level 1 in Poison Magic
  2365 | D:2      | Reached XP level 4. HP: 21/26 MP: 0/7
  2468 | D:2      | Found a stormy altar of Qazlal.
  2787 | D:3      | Noticed a black bear
  2796 | D:3      | HP: 1/26 [black bear (8)]
  2797 | D:3      | Slain by a black bear

Illustrated notes

Levels and vault maps discovered:
D:1:      ncdulo_halloftheorcs, layout_rooms,
          hellmonk_ecumenical_altar_pennies_from_heaven, minmay_distorted
D:2:      layout_basic, basic_altar, minivault_27, minmay_misc_feat_cross,
          lemuel_another_geyser
D:3:      layout_basic, uniq_jessica

Skill      XL: |  1  2  3 |
---------------+----------+-----
Ice Magic      | 2 |  2.6
Fighting       | 2 |  2.0
Poison Magic   | 1 |  1.0
Short Blades   | |  3.2
Armour         | |  1.1
Dodging        | |  3.2
Spellcasting   | |  1.9

Action                   |  1- 3 |  4- 6 || total
-------------------------+-------+-------++-------
Melee: Rapier            |    23 |     1 ||    24
       Kick              |     3 |       ||     3
       Peck              |     3 |       ||     3
 Cast: Freeze            |    66 |    13 ||    79
       Sting             |       |     1 ||     1
  Use: Scroll            |     6 |       ||     6
Armor: Robe              |    15 |     1 ||    16
Dodge: Dodged            |    58 |    13 ||    71

Table legend: (Time is in decaauts)
 A = Elapsed time spent in this place.
 B = Non-inter-level travel time spent in this place.
 C = Inter-level travel time spent in this place.
 D = Time resting spent in this place.
 E = Time spent auto-exploring this place.
 F = Levels seen in this place.
 G = Mean time per level.
                   A        B        C        D        E       F      G
               +--------+--------+--------+--------+--------+-----+--------+
         Total |   2800 |   2757 |     43 |    138 |   2226 |   3 |  933.3 |
       Dungeon |   2800 |   2757 |     43 |    138 |   2226 |   3 |  933.3 |
               +--------+--------+--------+--------+--------+-----+--------+

Top non-repeatable levels by time:
     D:2: 1440 daAuts
     D:1: 1305 daAuts
     D:3: 54 daAuts
